 Dungeon Crawl Stone Soup version 0.27.1-4-g1640c2035a (webtiles) character file.

Game seed: 14550154363601043309

17625 pkoi the Grappler (level 12, -46/126 HPs)
             Began as a Troll Monk on Nov 1, 2021.
             Was a High Priest of Nemelex Xobeh.
             Killed from afar by a frost giant (53 damage)
             ... with a bolt of cold
             ... on level 11 of the Dungeon on Nov 2, 2021.
             The game lasted 00:16:10 (9770 turns).

pkoi the Grappler (Troll Monk)                      Turns: 9770, Time: 00:16:10

Health: -46/126    AC:  8    Str: 26    XL:     12   Next: 20%
Magic:  14/15      EV: 12    Int:  6    God:    Nemelex Xobeh [*****.]
Gold:   1030       SH:  0    Dex: 12    Spells: 13/15 levels left

rFire    . . .     SeeInvis .     - Unarmed
rCold    . . .     Faith    .   (no shield)
rNeg     . . .     Spirit   .   A - +0 troll leather armour
rPois    .         Reflect  .   (helmet restricted)
rElec    .         Harm     .   k - +1 cloak
rCorr    .         Rampage  .   (gloves unavailable)
Will     .....                  (boots unavailable)
Stlth    +.........             f - amulet of the acrobat
HPRegen  2.31/turn              (no ring)
MPRegen  0.14/turn              (no ring)

@: studying Fighting
A: large, unfitting armour, claws 3, regeneration 1, shaggy fur 1, tough skin 1
a: Renounce Religion, Draw Escape, Draw Destruction, Draw Summoning, Triple
Draw, Deal Four, Stack Five


You were on level 11 of the Dungeon.
You worshipped Nemelex Xobeh.
Nemelex Xobeh was extremely pleased with you.
You visited 2 branches of the dungeon, and saw 13 of its levels.
You also visited: Ossuary.

You collected 1030 gold pieces.

Inventory:

Missiles
 c - 91 poisoned darts (quivered)
 p - 13 boomerangs
Armour
 k - a +1 cloak (worn)
 A - a +0 troll leather armour (worn)
Jewellery
 f - an amulet of the acrobat (around neck)
 i - an amulet of regeneration
 C - a ring of see invisible
 F - a ring of poison resistance
Wands
 a - a wand of digging (3)
 d - a wand of flame (19)
 o - a wand of iceblast (11)
 t - a wand of acid (13)
 E - a wand of mindburst (8)
Scrolls
 b - 3 scrolls of fog
 g - a scroll of fear
 m - 5 scrolls of identify
 q - 5 scrolls of teleportation
 u - a scroll of magic mapping
 w - 2 scrolls of amnesia
 x - a scroll of summoning {unknown}
 y - a scroll of silence
 B - a scroll of torment {unknown}
 D - a scroll of enchant weapon
Potions
 e - a potion of ambrosia
 h - 2 potions of magic
 j - 2 potions of curing
 l - 3 potions of haste
 n - 6 potions of heal wounds
 r - 2 potions of brilliance
 s - 2 potions of berserk rage
 v - 3 potions of flight {unknown}
 z - a potion of resistance {unknown}
 G - a potion of cancellation {unknown}


   Skills:
 + Level 9.7 Fighting
 + Level 7.3 Dodging
 - Level 1.0 Stealth
 + Level 13.5 Unarmed Combat
 - Level 2.0 Spellcasting
 - Level 4.8 Translocations
 + Level 6.6 Invocations


You had 13 spell levels left.
You knew the following spells:

 Your Spells              Type           Power      Damage    Failure   Level
a - Blink                 Tloc           N/A        N/A       10%         2

Your spell library contained the following spells:

 Spells                   Type           Power      Damage    Failure   Level
 Lesser Beckoning         Tloc           3%         N/A       21%         3
 Corona                   Hex            0%         N/A       43%         1
 Ensorcelled Hibernation  Hex/Ice        0%         N/A       56%         2
 Passwall                 Tmut/Erth      0%         N/A       56%         2
 Ignite Poison            Fire/Tmut/Pois 0%         N/A       80%         3
 Mephitic Cloud           Conj/Pois/Air  0%         N/A       80%         3
 Swiftness                Air            0%         N/A       80%         3
 Tukima's Dance           Hex            0%         N/A       80%         3
 Manifold Assault         Tloc           6%         N/A       88%         5
 Alistair's Intoxication  Tmut/Pois      0%         N/A       100%        5
 Bolt of Magma            Conj/Fire/Erth 0%         4d4       100%        5
 Borgnjor's Vile Clutch   Necr/Erth      0%         N/A       100%        5
 Eringya's Noxious Bog    Tmut/Pois      0%         N/A       100%        6
 Invisibility             Hex            0%         N/A       100%        6
 Borgnjor's Revivificati  Necr           0%         N/A       100%        8
 Necromutation            Tmut/Necr      0%         N/A       100%        8
 Death's Door             Necr           0%         N/A       100%        9


Dungeon Overview and Level Annotations

Branches:
Dungeon (12/15)            Temple (1/1) D:5            Lair (0/6) D:9
    Orc (0/2) D:10        Ossuary (visited)

Altars:
Ashenzari
Cheibriados
Dithmenos
Elyvilon
Fedhas
Gozag
Hepliaklqana
Kikubaaqudgha
Makhleb
Nemelex Xobeh
Okawaru
Qazlal
Ru
Sif Muna
Trog
Uskayaw
Vehumet
Wu Jian
Xom
Yredelemnul
Zin
The Shining One

Shops:
D:2 *=?


Innate Abilities, Weirdness & Mutations

You are too large for most types of armour.
You have claws for hands.
Your natural rate of healing is unusually fast.
You are covered in fur. (AC +1)
You have tough skin. (AC +1)


Message History

The frost giant is lightly wounded.
The frost giant points at you and mumbles some strange words.
The bolt of cold hits you!!!
You scratch the frost giant but do no damage.
The frost giant is lightly wounded.
The frost giant misses you.
You claw the frost giant!
The frost giant is moderately wounded.
You claw the frost giant!
The frost giant is moderately wounded.
The frost giant hits you with a +0 battleaxe of freezing!!
* * * LOW HITPOINT WARNING * * *
The frost giant freezes you.
* * * LOW HITPOINT WARNING * * *
You mangle the frost giant!! Your claw misses the frost giant.
The frost giant is severely wounded.
The frost giant hits you with a +0 battleaxe of freezing!!
* * * LOW HITPOINT WARNING * * *
The frost giant freezes you!
* * * LOW HITPOINT WARNING * * *
You scratch the frost giant.
The frost giant is severely wounded.
The frost giant hits you with a +0 battleaxe of freezing!
* * * LOW HITPOINT WARNING * * *
The frost giant freezes you.
* * * LOW HITPOINT WARNING * * *
You claw the frost giant!
The frost giant is severely wounded.
The frost giant hits you with a +0 battleaxe of freezing.
* * * LOW HITPOINT WARNING * * *
The frost giant freezes you.
* * * LOW HITPOINT WARNING * * *
You completely miss the frost giant.
The frost giant is severely wounded.
You barely miss the frost giant.
The frost giant is severely wounded.
The frost giant gestures at you while chanting.
The bolt of cold hits you!!!
You die...
Your body glows with a rainbow of weird colours and disappears.

..........#.##'####†###'##...###.
..........#.....#.......#......#.
..........#.....#.......#......#.
..........#.....#.......#......#.
..........#.....#......###....[#.
..........########+##### #.##.##.
#####..................# ####.##.
#.......[..........# #)#.....
#..........)@##.. #§#.....
#.........###C# #.#.#....
#.........# ## #.####'##
##.....#### #.#...... #.....#
###...... #(....# #........
#..... #####.... ##### # #### #


You could see a frost giant.

Vanquished Creatures
  A bunyip (D:12)
  A boulder beetle (D:12)
  A two-headed ogre (D:12)
  A deep troll earth mage (D:11)
  Urug (D:12)
  A harpy (shapeshifter) (D:12)
  A cyclops (D:12)
  3 manticores
  2 trolls
  Grinder (D:6)
  A slime creature (D:11)
  A blink frog (D:8)
  2 shadows
  A wraith (D:10)
  31 yaks
  2 steam dragons
  A basilisk (D:8)
  Duvessa (D:6)
  3 acid dragons
  3 water moccasins
  6 orc warriors
  An ice beast (D:7)
  2 black bears
  A necrophage (D:8)
  2 ogres (D:5)
  4 centaurs
  4 kobold brigands
  A scorpion (D:7)
  A wyvern zombie (D:7)
  A gnoll sergeant (D:9)
  3 bullfrogs
  Dowan (D:6)
  8 wights
  2 jellies (D:6)
  2 howler monkeys
  4 electric eels (D:8)
  5 centaur zombies
  6 crimson imps (D:9)
  2 bullfrog skeletons
  A hound (D:5)
  13 orc priests
  2 gnoll shamans
  Crazy Yiuf (D:2)
  2 iguanas
  Terence (D:3)
  8 orc wizards
  Natasha (thrice) (D:2)
  2 scorpion zombies (D:3)
  8 mummies (Ossuary)
  3 hound zombies (D:3)
  3 hound skeletons
  A howler monkey zombie (D:6)
  11 gnolls
  7 adders
  3 shadow imps
  3 white imps
  An ufetubus (D:4)
  An adder skeleton (D:3)
  A worm (D:3)
  8 dart slugs
  26 orcs
  5 endoplasms
  2 giant cockroaches
  12 goblins
  3 hobgoblins (D:1)
  8 jackals (D:1)
  4 quokkas
  4 ball pythons
  A ball python skeleton (D:3)
  A ball python zombie (D:3)
  7 bats
  A frilled lizard (D:1)
  A giant cockroach zombie (D:3)
  2 gnoll zombies (Ossuary)
  3 hobgoblin zombies (Ossuary)
  19 kobolds
  A kobold zombie (Ossuary)
  2 orc zombies (Ossuary)
  A quokka skeleton (D:3)
  3 rats
304 creatures vanquished.

Vanquished Creatures (others)
  An orc wizard (D:10)
1 creature vanquished.

Grand Total: 305 creatures vanquished

Notes
Turn   | Place    | Note
-------+----------+-------------------------------------------
     0 | D:1      | pkoi the Troll Monk began the quest for the Orb.
     0 | D:1      | Reached XP level 1. HP: 22/22 MP: 0/0
   226 | D:1      | Reached XP level 2. HP: 29/29 MP: 1/1
   371 | D:1      | Reached skill level 4 in Unarmed Combat
   526 | D:1      | Reached XP level 3. HP: 34/36 MP: 2/2
  1099 | D:2      | Found Xoejumi's Jewellery Shop.
  1102 | D:2      | Found Ucimi's Magic Scroll Shop.
  1169 | D:2      | Reached skill level 11 in Unarmed Combat
  1169 | D:2      | Reached XP level 4. HP: 44/44 MP: 3/3
  1226 | D:2      | Noticed Natasha
  1234 | D:2      | Killed Natasha
  1295 | D:2      | Found Lyrghiti's General Store.
  1361 | D:2      | Noticed Natasha
  1368 | D:2      | Killed Natasha
  1369 | D:2      | Reached XP level 5. HP: 46/50 MP: 4/4
  1517 | D:2      | Found a runed translucent door.
  1518 | D:2      | Noticed Crazy Yiuf
  1544 | D:2      | Noticed Natasha
  1550 | D:2      | Killed Natasha
  1716 | D:2      | Killed Crazy Yiuf
  1794 | D:3      | Reached XP level 6. HP: 59/59 MP: 5/5
  2018 | D:3      | Noticed Terence
  2021 | D:3      | Killed Terence
  2101 | D:3      | Found a faded altar of an unknown god.
  2438 | D:4      | Noticed a water moccasin
  2447 | D:4      | Killed a water moccasin
  2448 | D:4      | Reached XP level 7. HP: 57/67 MP: 6/6
  2515 | D:4      | Found a shimmering blue altar of Sif Muna.
  2629 | D:4      | Found a sand-covered staircase.
  2664 | Ossuary  | Entered an ossuary
  3574 | D:5      | Entered Level 5 of the Dungeon
  3576 | D:5      | Identified a scroll of acquirement
  3576 | D:5      | Acquired a manual of Fighting
  3681 | D:5      | Reached XP level 8. HP: 60/78 MP: 7/7
  3727 | D:5      | Found a staircase to the Ecumenical Temple.
  3736 | Temple   | Entered the Ecumenical Temple
  3955 | Temple   | Became a worshipper of Nemelex Xobeh the Trickster
  3955 | Temple   | Reached * piety under Nemelex Xobeh
  3955 | Temple   | Received a gift from Nemelex Xobeh
  3955 | Temple   | Reached ** piety under Nemelex Xobeh
  4154 | D:5      | Found an opulent altar of Gozag.
  4605 | D:5      | Learned a level 2 spell: Blink
  4676 | D:6      | Reached skill level 1 in Invocations
  4696 | D:6      | Noticed Duvessa
  4697 | D:6      | Noticed Dowan
  4715 | D:6      | Killed Duvessa
  4718 | D:6      | Reached skill level 5 in Fighting
  4729 | D:6      | Reached skill level 12 in Unarmed Combat
  4729 | D:6      | Killed Dowan
  5006 | D:6      | Noticed Grinder
  5008 | D:6      | Paralysed by Grinder for 7 turns
  5028 | D:6      | Killed Grinder
  5029 | D:6      | Reached XP level 9. HP: 53/88 MP: 9/9
  5337 | D:6      | Received a gift from Nemelex Xobeh
  5430 | D:6      | Found a sacrificial altar of Ru.
  5502 | D:7      | Reached *** piety under Nemelex Xobeh
  5567 | D:7      | Reached skill level 1 in Translocations
  5773 | D:7      | Reached skill level 1 in Spellcasting
  5783 | D:7      | Reached skill level 5 in Dodging
  6327 | D:8      | Reached XP level 10. HP: 95/100 MP: 11/11
  6399 | D:8      | Noticed a two-headed ogre
  6404 | D:8      | a two-headed ogre changed into a blink frog
  6739 | D:8      | Found a burning altar of Makhleb.
  6796 | D:8      | Received a gift from Nemelex Xobeh
  6981 | D:8      | Found a snail-covered altar of Cheibriados.
  7208 | D:9      | You fall into a shaft and drop 3 floors!
  7208 | D:12     | Noticed a manticore
  7217 | D:12     | Killed a manticore
  7511 | D:12     | Noticed a cyclops
  7560 | D:12     | Killed a cyclops
  7621 | D:12     | Noticed Urug
  7648 | D:12     | Killed Urug
  7649 | D:12     | Reached XP level 11. HP: 72/111 MP: 13/13
  7781 | D:12     | Received a gift from Nemelex Xobeh
  7786 | D:12     | Reached **** piety under Nemelex Xobeh
  7806 | D:12     | Noticed a boulder beetle
  7815 | D:12     | Killed a boulder beetle
  7816 | D:12     | Reached skill level 5 in Invocations
  7826 | D:12     | Noticed a harpy
  7839 | D:12     | Killed a harpy
  7905 | D:12     | Noticed a seven-headed hydra
  7908 | D:12     | Noticed a bunyip
  7908 | D:12     | a seven-headed hydra changed into a bunyip
  7917 | D:12     | Killed a bunyip
  7918 | D:12     | Reached skill level 13 in Unarmed Combat
  7958 | D:12     | Noticed a two-headed ogre
  7967 | D:12     | Killed a two-headed ogre
  8218 | D:11     | Noticed a deep troll earth mage
  8237 | D:11     | Killed a deep troll earth mage
  8277 | D:10     | Entered Level 10 of the Dungeon
  8282 | D:10     | Received a gift from Nemelex Xobeh
  8352 | D:10     | Found an ornate altar of the Wu Jian Council.
  8485 | D:9      | Found a staircase to the Lair.
  8594 | D:9      | Reached ***** piety under Nemelex Xobeh
  8842 | D:9      | Received a gift from Nemelex Xobeh
  8888 | D:9      | You fall into a shaft and drop 2 floors!
  8989 | D:11     | Noticed a boulder beetle
  8997 | D:11     | Noticed a fire crab
  8997 | D:11     | a boulder beetle changed into a fire crab
  8998 | D:11     | Banished a fire crab
  9291 | D:10     | Reached XP level 12. HP: 120/123 MP: 15/15
  9515 | D:10     | Found a staircase to the Orcish Mines.
  9642 | D:10     | Found the +3 Elemental Staff {rElec rF++ rC++ Will++ AC+5}
  9760 | D:11     | Noticed a frost giant
  9767 | D:11     | HP: 6/126 [frost giant (2)]
  9770 | D:11     | Killed from afar by a frost giant

Illustrated notes

Levels and vault maps discovered:
D:1:      dpeg_arrival_lava_altar, layout_basic, hex_intersection,
          minmay_misc_feat_secret_circle, minmay_misc_feat_chi,
          hangedman_abyss_or_decor_lesser_grid
D:2:      layout_basic, serial_shops, nicolae_shop_behind_doors, shop_fountains,
          shop, uniq_crazy_yiuf_cottage, uniq_natasha
D:3:      layout_basic, ebering_ecumenical_altar_petrified, serial_undead,
          serial_undead_b, serial_undead_e, serial_undead_b, serial_undead_e,
          serial_undead_c, serial_undead_e, eino_tiny_chamber, uniq_terence
D:4:      layout_gridville, nicolae_sif_muna_condensation,
          lightli_ossuary_entry_decrepit_ruins, minmay_misc_feat_five,
          st_stairs_13
D:5:      layout_loops_ring, grunt_gozag_breadcrumbs, minmay_temple_entry_waves
D:6:      layout_gridville, mainiacjoe_overflow_alcove_2, minmay_misc_feat_tiny,
          uniq_duvessa, uniq_grinder
D:7:      layout_basic
D:8:      layout_loops_ring, makhleb_blood_cavern_becter,
          kennysheep_slug_shrine, disabler_island
D:9:      layout_basic, lair_entry_dummy, minmay_holes, chequers_mini_garden,
          minmay_nine_imps
D:10:     layout_long_grid, nicolae_wu_jian_glorious_leap, david_orc_4
D:11:     minmay_chopped_fan, layout_gridville, uniq_fannar
D:12:     layout_basic, lemuel_another_geyser, uniq_sonja, uniq_urug
Temple:   eino_temple_scatter_basement

Skill      XL: |  1  2  3  4  5  6  7  8  9 10 11 |
---------------+----------------------------------+-----
Unarmed Combat | 4 11 12 13 | 13.5
Dodging        | 3 4 5 6 7 |  7.3
Fighting       | 3 4 5 6 7 9 |  9.7
Invocations    | 2 3 4 6 |  6.6
Translocations | 1 3 4 |  4.8
Spellcasting   | 1 2 |  2.0
Stealth        | |  1.0

Action                   |  1- 3 |  4- 6 |  7- 9 | 10-12 || total
-------------------------+-------+-------+-------+-------++-------
Melee: Unarmed           |    80 |    72 |   230 |   388 ||   770
       Punch             |       |     5 |     5 |    17 ||    27
Throw: Dart              |       |       |       |     5 ||     5
Invok: Draw Destruction  |       |       |     1 |    16 ||    17
       Draw Escape       |       |       |       |     4 ||     4
       Draw Summoning    |       |       |       |     1 ||     1
  Use: Scroll            |     1 |     3 |    14 |       ||    18
       Potion            |     1 |       |     5 |       ||     6
 Stab: Sleeping          |     3 |     2 |     5 |     1 ||    11
Armor: Robe              |    31 |    22 |    54 |    21 ||   128
       Troll leather arm |       |       |       |    37 ||    37
Dodge: Dodged            |    42 |    27 |   121 |   193 ||   383
